 Dungeon Crawl Stone Soup version 0.23.1 (webtiles) character file.

Game seed: 4747257092023963164

54761 Kairos the Cleaver (level 14, -6/74 HPs)
             Began as a Vine Stalker Fighter on Mar 10, 2019.
             Was a Believer of Uskayaw.
             Mangled by a six-headed hydra (9 damage)
             ... on level 1 of the Swamp.
             The game lasted 00:31:26 (15002 turns).

Kairos the Cleaver (Vine Stalker Fighter)          Turns: 15002, Time: 00:31:27

Health: -6/74      AC: 19    Str: 26    XL:     14   Next: 74%
Magic:  0/28       EV: 13    Int: 15    God:    Uskayaw [**....]
Gold:   1406       SH: 15    Dex: 16    Spells: 29/31 levels left

rFire    . . .     SeeInvis .   l - +1 whip (elec)
rCold    . . .     Gourm    .   c - +3 shield
rNeg     . . .     Faith    .   H - +1 ring mail "Jaqowek" {+Fly Str+4} (curse)
rPois    .         Spirit   +   s - +0 helmet
rElec    .         Reflect  .   (no cloak)
rCorr    .         Harm     .   (no gloves)
MR       +....                  x - +2 pair of boots
Stlth    ++++......             O - amulet of magic regeneration
HPRegen  1.02/turn              F - +5 ring of protection
MPRegen  0.46/turn              X - +5 ring of intelligence

@: no status effects
A: fangs 3, talons 1, yellow scales 1, clever 1, regeneration 2, evolution 1,
magic shield, antimagic bite, no potion heal 3, rot immunity, MP-powered wands
a: Stomp, Line Pass, Renounce Religion, Evoke Flight


You were on level 1 of the Swamp.
You worshipped Uskayaw.
Uskayaw was noncommittal.
You were not hungry.

You visited 4 branches of the dungeon, and saw 19 of its levels.

You collected 1437 gold pieces.
You spent 31 gold pieces at shops.

Inventory:

Hand Weapons
 a - a +1 war axe
 l - a +1 whip of electrocution (weapon)
 r - a +5 hand axe of electrocution
 S - the +9 arbalest "Hellblazer" {penet, MR+}
   (You found it on level 3 of the Lair of Beasts)

   Ammo fired by it will pass through the targets it hits, potentially hitting
   all targets in its path until it reaches maximum range.
   It affects your resistance to hostile enchantments.
 T - the +2 war axe of Exoneration {chop, *Rage rPois Int+3 Dex+2}
   (You found it on level 2 of the Lair of Beasts)

   It inflicts extra damage upon your enemies.
   It affects your intelligence (+3).
   It affects your dexterity (+2).
   It protects you from poison.
   It may make you go berserk in combat.
Missiles
 w - a throwing net
 B - 5 tomahawks (quivered)
 W - 5 javelins
Armour
 c - a +3 shield (worn)
 s - a +0 helmet (worn)
 x - a +2 pair of boots (worn)
 H - the cursed +1 ring mail "Jaqowek" (worn) {+Fly Str+4}
   (You found it on level 8 of the Dungeon)

   It affects your strength (+4).
   It lets you fly.
   It has a curse placed upon it.
Jewellery
 v - an uncursed ring of protection from cold
 C - an uncursed ring of fire
 F - a +5 ring of protection (left hand)
 O - an amulet of magic regeneration (around neck)
 X - a +5 ring of intelligence (right hand)
Wands
 m - a wand of flame (33)
 o - a wand of disintegration (10)
 D - a wand of acid (34)
 E - a wand of polymorph (8)
 N - a wand of enslavement (16)
Scrolls
 b - a scroll of brand weapon
 e - a scroll of blinking
 g - a scroll of identify
 h - 11 scrolls of teleportation
 p - 8 scrolls of remove curse
 t - 3 scrolls of immolation
 u - 2 scrolls of magic mapping
 y - 2 scrolls of fog
 I - a scroll of acquirement {unknown}
 J - a scroll of amnesia {unknown}
 K - 2 scrolls of silence {unknown}
 L - a scroll of torment {unknown}
 Q - a scroll of enchant weapon
 Z - a scroll of summoning {unknown}
Potions
 d - 2 potions of might
 i - 2 potions of haste
 j - a potion of ambrosia
 k - 6 potions of curing
 n - a potion of invisibility
 q - 4 potions of magic
 z - 2 potions of agility
 A - 2 potions of brilliance
 M - 2 potions of flight
 R - 4 potions of mutation
 U - a potion of lignification {unknown}
 V - a potion of berserk rage {unknown}
Miscellaneous
 G - a fan of gales
Comestibles
 f - 24 rations


   Skills:
 + Level 8.5 Fighting
 + Level 12.3(12.4) Axes
 + Level 1.6(8.2) Maces & Flails
 + Level 0.8 Throwing
 + Level 7.1 Armour
 + Level 5.2 Dodging
 + Level 12.2 Stealth
 + Level 8.5 Shields
 + Level 9.1 Spellcasting
 * Level 6.7 Invocations
 + Level 0.9 Evocations


You had 29 spell levels left.
You knew the following spells:

 Your Spells              Type           Power        Failure   Level  Hunger
a - Blink                 Tloc           N/A          47%         2    None

Your spell library contained the following spells:

 Spells                   Type           Power        Failure   Level  Hunger
 Animate Skeleton         Necr           N/A          34%         1    None
 Apportation              Tloc           #.....       34%         1    None
 Confusing Touch          Hex            #.....       34%         1    None
 Corona                   Hex            #......      34%         1    None
 Magic Dart               Conj           #...         34%         1    None
 Summon Butterflies       Summ           #.......     34%         1    None
 Summon Small Mammal      Summ           #...         34%         1    None
 Call Imp                 Summ           #.......     47%         2    None
 Slow                     Hex            #.......     47%         2    None
 Call Canine Familiar     Summ           #.......     71%         3    #......
 Conjure Flame            Conj/Fire      #.......     71%         3    #......
 Ignite Poison            Fire/Tmut/Pois #.......     71%         3    #......
 Inner Flame              Hex/Fire       #.......     71%         3    #......
 Lesser Beckoning         Tloc           #.........   71%         3    #......
 Mephitic Cloud           Conj/Pois/Air  #.......     71%         3    #......
 Portal Projectile        Hex/Tloc       #.....       71%         3    #......
 Recall                   Summ/Tloc      N/A          71%         3    #......
 Tukima's Dance           Hex            #.......     71%         3    #......
 Animate Dead             Necr           N/A          98%         4    ###....
 Cause Fear               Hex            #.........   98%         4    ###....
 Leda's Liquefaction      Hex/Erth       #.........   98%         4    ###....
 Alistair's Intoxication  Tmut/Pois      #.......     100%        5    #####..
 Borgnjor's Vile Clutch   Necr/Erth      #.........   100%        5    #####..
 Fireball                 Conj/Fire      #.........   100%        5    #####..
 Summon Demon             Summ           #.........   100%        5    #####..
 Bolt of Fire             Conj/Fire      #.........   100%        6    ######.
 Death Channel            Necr           #.........   100%        6    ######.
 Invisibility             Hex            #.......     100%        6    ######.
 Simulacrum               Ice/Necr       #.........   100%        6    ######.
 Ring of Flames           Chrm/Fire      #.........   100%        7    #######
 Ignition                 Fire           #.........   100%        8    #######
 Dragon's Call            Summ           #.........   100%        9    #######


Dungeon Overview and Level Annotations

Branches:
Dungeon (11/15)            Temple (1/1) D:5            Lair (6/6) D:8
  Swamp (1/4) Lair:2       Spider (0/4) Lair:4        Slime (0/5) Lair:5
    Orc (0/2) D:11

Altars:
Ashenzari
Cheibriados
Elyvilon
Fedhas
Makhleb
Qazlal
Ru
Uskayaw
Xom
Zin

Shops:
D:2 *   D:9 *   D:10 [[   D:11 !

Portals:
Hell: Lair:6

Annotations:
Lair:5 2 transporters, Renad's ghost, journeyman OpHu


Innate Abilities, Weirdness & Mutations

You have razor-sharp teeth.
You heal very quickly.
When hurt, damage is shared between your health and your magic reserves.
Your bite disrupts and absorbs the magic of your enemies.
Potions cannot restore your health.
You are immune to rotting.
You have sharp toenails.
You are partially covered in yellow scales. (AC +2)
Your mind is acute. (Int +2)
You evolve.
You expend magic power (3 MP) to strengthen your wands.


Message History

The six-headed hydra bites you but does no damage.
The six-headed hydra bites you.
* * * LOW HITPOINT WARNING * * *
The six-headed hydra barely misses you.
The six-headed hydra bites you but does no damage.
You block the vampire mosquito's attack.
You hit the six-headed hydra. You bite the six-headed hydra!
You drain its power.
You feel invigorated.
The six-headed hydra is almost dead.
You block the vampire mosquito's attack.
The vampire mosquito bites you!
* * * LOW HITPOINT WARNING * * *
The vampire mosquito draws strength from your injuries!
The vampire mosquito barely misses you.
You block the six-headed hydra's attack.
The six-headed hydra bites you!
* * * LOW HITPOINT WARNING * * *
The six-headed hydra bites you but does no damage.
The six-headed hydra bites you!
You die...

♣≈≈≈.≈≈≈≈≈≈≈♣
♣♣♣.♣♣
♣....≈≈≈....♣
♣..≈≈≈
♣♣...≈≈≈....♣
♣.≈≈≈≈
♣≈..≈≈≈..≈♣♣
♣♣≈...
.♣.§≈≈≈.♣♣♣
♣♣♣.≈
♣♣.≈≈≈.♣♣
♣.>≈
♣≈....≈≈♣
♣[.≈
♣♣....♣♣♣♣♣♣
♣.≈≈
♣♣♣.y@♣...♣♣♣
♣.≈≈
♣≈yyDv≈≈≈≈♣
♣≈≈≈
♣♣.y≈≈.≈≈≈♣
♣♣..
♣♣.≈≈....♣
♣♣♣ ♣≈...♣♣♣♣
♣ ≈♣♣♣♣♣ ♣♣


You could see a six-headed hydra, 4 vampire mosquitoes and an insubstantial
wisp.

Vanquished Creatures
  A thorn hunter (Swamp:1)
  Josephine (D:10)
  Erolcha (D:10)
  8 hydras
  A catoblepas (Lair:6)
  Erica (Lair:1)
  3 alligators (Swamp:1)
  3 death yaks (Lair:3)
  A sun demon (Lair:6)
  Sonja (D:10)
  An unseen horror (D:11)
  A wizard (Lair:6)
  A swamp dragon (Swamp:1)
  A cyclops (D:10)
  2 centaur zombies (D:11)
  A smoke demon (Lair:6)
  4 black mambas
  11 spiny frogs
  A gargoyle (D:11)
  8 rime drakes
  5 komodo dragons
  3 red devils (Lair:6)
  The ghost of esteth the Chopper, an amateur HOMo (D:3)
  3 ice devils (Lair:6)
  5 tyrant leeches (Swamp:1)
  A troll (D:9)
  4 polar bears
  3 slime creatures (Swamp:1)
  A hornet (Swamp:1)
  5 blink frogs
  2 bog bodies (Lair:2)
  8 hippogriffs
  5 dream sheep (Lair:6)
  A redback (Lair:4)
  4 wyverns
  54 yaks
  A spriggan (Swamp:1)
  A shadow (Swamp:1)
  3 wraiths (D:10)
  3 basilisks
  Grum (D:10)
  A hungry ghost (D:11)
  3 vampire mosquitoes (Swamp:1)
  2 steam dragons
  5 swamp worms (Swamp:1)
  An acid dragon (Lair:5)
  18 water moccasins
  4 hell hounds (Lair:6)
  9 porcupines
  4 sky beasts
  2 ice beasts (D:11)
  2 orc warriors
  A swamp drake (Swamp:1)
  3 black bears
  5 phantoms
  A centaur (D:7)
  3 ogres
  6 wolves
  11 crocodiles
  2 big kobolds
  12 bullfrogs
  A gnoll sergeant (D:8)
  2 scorpions
  4 killer bees (D:10)
  3 electric eels (Lair:3)
  2 howler monkeys (D:8)
  6 crimson imps
  2 bullfrog zombies
  3 hounds
  9 jellies
  2 bullfrog skeletons
  10 orc priests
  An iguana (D:4)
  2 centaur skeletons
  10 orc wizards
  8 worker ants
  2 hound zombies (D:6)
  8 gnolls
  11 adders
  A howler monkey skeleton (D:5)
  2 shadow imps
  7 oozes
  An adder skeleton (D:8)
  3 worms
  2 dart slugs
  4 leopard geckos
  49 orcs
  3 giant cockroaches
  7 goblins
  10 hobgoblins
  13 jackals
  22 kobolds
  5 quokkas
  3 ball pythons
  7 bats
  6 frilled lizards
  A leopard gecko zombie (D:5)
  A quokka zombie (D:8)
  4 rats (D:2)
  A briar patch (Swamp:1)
  5 fungi
  3 plants
507 creatures vanquished.

Vanquished Creatures (others)
  A swamp drake (D:8)
  A howler monkey (D:8)
  An adder (D:2)
  2 kobolds (D:2)
  A quokka (D:2)
  2 briar patches (Swamp:1)
  5 fungi
  6 plants
19 creatures vanquished.

Grand Total: 526 creatures vanquished

Notes
Turn   | Place    | Note
-------+----------+-------------------------------------------
     0 | D:1      | Kairos the Vine Stalker Fighter began the quest for the
                  | Orb.
     0 | D:1      | Reached XP level 1. HP: 11/11 MP: 2/2
   195 | D:1      | Reached XP level 2. HP: 14/16 MP: 3/3
   419 | D:1      | Reached XP level 3. HP: 20/20 MP: 4/4
  1003 | D:2      | Gained mutation: Your natural rate of healing is unusually
                  | fast. [Vine Stalker growth]
  1003 | D:2      | Reached XP level 4. HP: 4/24 MP: 0/5
  1191 | D:2      | Reached skill level 1 in Stealth
  1198 | D:2      | Reached XP level 5. HP: 20/28 MP: 3/6
  1224 | D:2      | Found Zin's Purification Station.
  1226 | D:2      | Found a glowing silver altar of Zin.
  2001 | D:3      | Reached XP level 6. HP: 19/32 MP: 7/7
  2502 | D:4      | Found a sacrificial altar of Ru.
  2591 | D:4      | Found a runed translucent door.
  2592 | D:4      | Noticed esteth's ghost (amateur HOMo)
  2728 | D:4      | Reached XP level 7. HP: 36/36 MP: 8/8
  2733 | D:4      | Reached skill level 1 in Dodging
  2950 | D:4      | HP: 1/36 [esteth's ghost (2)]
  3052 | D:3      | Killed esteth's ghost
  3052 | D:3      | Reached skill level 5 in Axes
  3123 | D:5      | Entered Level 5 of the Dungeon
  3134 | D:5      | Learned a level 2 spell: Blink
  3232 | D:5      | Gained mutation: You have razor-sharp teeth. [Vine Stalker
                  | growth]
  3232 | D:5      | Reached XP level 8. HP: 34/42 MP: 7/10
  3443 | D:5      | Found a staircase to the Ecumenical Temple.
  3465 | D:5      | Reached skill level 1 in Spellcasting
  3839 | Temple   | Entered the Ecumenical Temple
  3874 | Temple   | Became a worshipper of Uskayaw the Reveler
  3960 | D:6      | Reached * piety under Uskayaw
  3963 | D:6      | Reached ** piety under Uskayaw
  3967 | D:6      | Reached *** piety under Uskayaw
  4102 | D:6      | Found a shattered altar of Ashenzari.
  4540 | D:7      | Reached XP level 9. HP: 36/46 MP: 12/14
  4540 | D:7      | Reached **** piety under Uskayaw
  5132 | D:8      | Got a slimy ring mail
  5143 | D:8      | Identified the cursed +1 ring mail "Jaqowek" {+Fly Str+4}
                  | (You found it on level 8 of the Dungeon)
  5145 | D:8      | Gained mutation: You evolve. [potion of mutation]
  5145 | D:8      | Gained mutation: You rapidly evolve. [potion of mutation]
  5145 | D:8      | Gained mutation: You passively map a small area around you.
                  | [potion of mutation]
  5256 | D:8      | Reached skill level 5 in Shields
  5616 | D:8      | Found a stormy altar of Qazlal.
  5616 | D:8      | Found a shimmering altar of Xom.
  5688 | D:8      | Reached skill level 5 in Fighting
  5949 | D:8      | Reached XP level 10. HP: 48/51 MP: 15/17
  5979 | D:8      | Found a staircase to the Lair.
  6726 | D:9      | Found Buwomail's Assorted Antiques.
  6737 | D:9      | Bought a scroll labeled TOSTIXTINUGY for 31 gold pieces
  6871 | D:10     | Entered Level 10 of the Dungeon
  6913 | D:10     | Noticed Erolcha
  6922 | D:10     | Killed Erolcha
  6922 | D:10     | Reached skill level 5 in Armour
  6922 | D:10     | Reached skill level 5 in Spellcasting
  6928 | D:10     | Reached ***** piety under Uskayaw
  6947 | D:10     | Noticed Grum
  6947 | D:10     | Noticed a cyclops
  6954 | D:10     | Killed Grum
  6956 | D:10     | Killed a cyclops
  6962 | D:10     | Reached ****** piety under Uskayaw
  7159 | D:10     | Reached XP level 11. HP: 41/56 MP: 13/21
  7162 | D:10     | Reached skill level 5 in Stealth
  7413 | D:10     | Found Wyodi's Armour Emporium.
  7552 | D:10     | Found Riphar's Armour Emporium.
  7552 | D:10     | Noticed Sonja
  7561 | D:10     | Killed Sonja
  7615 | D:10     | Noticed Josephine
  7624 | D:10     | Killed Josephine
  7788 | D:10     | Gained mutation: You have sharp toenails. [evolution]
  7915 | D:11     | Found a staircase to the Orcish Mines.
  7963 | D:11     | Killed an unseen horror
  8015 | D:11     | Found Requbilo's Distillery.
  8092 | D:11     | Identified the Volume of Creation
  8133 | D:11     | Reached skill level 10 in Axes
  8350 | D:11     | Lost mutation: You passively map a small area around you.
                  | [evolution]
  8350 | D:11     | Lost mutation: You rapidly evolve. [decline of evolution]
  8461 | D:11     | Gained mutation: You heal very quickly. [Vine Stalker
                  | growth]
  8461 | D:11     | Reached XP level 12. HP: 47/62 MP: 24/24
  8653 | Lair:1   | Entered Level 1 of the Lair of Beasts
  8653 | Lair:1   | Noticed Erica
  8663 | Lair:1   | Killed Erica
  9292 | Lair:2   | Reached skill level 1 in Invocations
  9488 | Lair:2   | Got a shimmering war axe
  9489 | Lair:2   | Identified the +2 war axe of Exoneration {chop, *Rage rPois
                  | Int+3 Dex+2} (You found it on level 2 of the Lair of
                  | Beasts)
  9704 | Lair:2   | Found a staircase to the Swamp.
 10009 | Lair:3   | Reached XP level 13. HP: 67/67 MP: 24/26
 10019 | Lair:3   | Got a scorched arbalest
 10050 | Lair:3   | Reached skill level 10 in Stealth
 11205 | Lair:4   | Found a hole to the Spider Nest.
 11423 | Lair:4   | Gained mutation: You expend magic power (3 MP) to
                  | strengthen your wands. [evolution]
 11816 | Lair:5   | Found a transporter.
 11816 | Lair:5   | Noticed Renad's ghost (journeyman OpHu)
 11817 | Lair:5   | Found a transporter.
 11842 | Lair:5   | Reached skill level 1 in Maces & Flails
 11990 | Lair:5   | Found a staircase to the Slime Pits.
 12340 | Lair:6   | Entered Level 6 of the Lair of Beasts
 12541 | Lair:6   | Gained mutation: Your mind is acute. (Int +2) [evolution]
 12645 | Lair:6   | Reached skill level 5 in Invocations
 12730 | Lair:6   | Reached XP level 14. HP: 72/72 MP: 28/28
 13441 | Lair:6   | Found a burning altar of Makhleb.
 13986 | Lair:6   | Reached skill level 5 in Dodging
 14158 | Lair:6   | Found a gateway to Hell.
 14176 | Lair:6   | Identified the +9 arbalest "Hellblazer" {penet, MR+} (You
                  | found it on level 3 of the Lair of Beasts)
 14313 | Swamp:1  | Entered Level 1 of the Swamp
 14531 | Swamp:1  | Gained mutation: You are partially covered in yellow
                  | scales. (AC +2) [evolution]
 14742 | Swamp:1  | Noticed a thorn hunter
 14871 | Swamp:1  | Killed a thorn hunter
 15002 | Swamp:1  | HP: 3/74 [six-headed hydra (6)]
 15002 | Swamp:1  | Mangled by a six-headed hydra

Skill      XL: |  1  2  3  4  5  6  7  8  9 10 11 12 13 14 |
---------------+-------------------------------------------+-----
Fighting       | 3 4 5 6 7 8 |  8.5
Axes           | 2 3 4 5 6 8 9 10 11 12 | 12.3
Shields        | 3 4 5 6 7 8 |  8.5
Armour         | 3 4 5 6 7 |  7.1
Stealth        | 1 3 4 7 9 11 12 | 12.2
Dodging        | 1 2 3 4 5 |  5.2
Spellcasting   | 2 4 6 7 8 9 |  9.1
Invocations    | 2 5 6 |  6.7
Maces & Flails | 1 |  1.6
Throwing       | |  0.8
Evocations     | |  0.9

Action                   |  1- 3 |  4- 6 |  7- 9 | 10-12 | 13-15 || total
-------------------------+-------+-------+-------+-------+-------++-------
Melee: War axe           |    87 |   187 |    51 |    19 |   431 ||   775
       Bite              |    19 |    47 |    84 |   166 |   226 ||   542
       Hand axe          |       |       |   220 |   333 |       ||   553
       Whip              |       |       |       |       |    53 ||    53
Throw: Tomahawk          |       |       |       |       |     9 ||     9
Invok: Line Pass         |       |       |       |       |     1 ||     1
Evoke: Wand              |       |       |       |     4 |     6 ||    10
  Use: Scroll            |     4 |     5 |     4 |     2 |    10 ||    25
       Potion            |     1 |     5 |     2 |     1 |       ||     9
 Stab: Paralysed         |       |       |     3 |    37 |    50 ||    90
       Confused          |       |       |     3 |       |       ||     3
       Sleeping          |       |       |       |     9 |    12 ||    21
       Distracted        |       |       |       |     2 |     1 ||     3
  Eat: Chunk             |       |     1 |     9 |    13 |    10 ||    33
       Ration            |       |     2 |       |       |     3 ||     5
Armor: Scale mail        |    56 |    82 |    61 |       |       ||   199
       Ring mail         |       |       |    15 |    88 |   183 ||   286
Dodge: Dodged            |    37 |    56 |    65 |   126 |   242 ||   526
Block: Shield            |    64 |    96 |   103 |   163 |   328 ||   754
